 Dungeon Crawl Stone Soup version 0.20.1-1-g8b1a95d (webtiles) character file.

510 Mitsuki the Digger (level 7, -1/36 HPs)
             Began as a Gargoyle Earth Elementalist on Sept 15, 2017.
             Killed from afar by a worker ant (37 damage)
             ... with an exploding inner flame
             ... hexed by the player character
             ... on level 4 of the Dungeon.
             The game lasted 00:11:48 (4892 turns).

Mitsuki the Digger (Gargoyle Earth Elementalist)    Turns: 4892, Time: 00:11:49

Health: -1/36      AC:  6    Str: 12    XL:     7   Next: 19%
Magic:  9/13       EV: 12    Int: 17    God:
Gold:   121        SH:  0    Dex: 10    Spells: 6/15 levels left

rFire    . . .     SeeInvis .   s - +1 quarterstaff (protect)
rCold    . . .     Gourm    .   (shield currently unavailable)
rNeg     + . .     Faith    .   c - +0 robe
rPois    ∞         Spirit   .   (no helmet)
rElec    +         Reflect  .   (no cloak)
rCorr    .         Harm     .   (no gloves)
MR       .....                  (no boots)
Stlth    ++........             (no amulet)
Regen    0.2/turn               (no ring)
MPRegen  0.2/turn               (no ring)

@: no status effects
A: negative energy resistance 1, electricity resistance, unbreathing,
petrification resistance, rot immunity, AC +4
a: no special abilities


You were on level 4 of the Dungeon.
You were not hungry.

You visited 1 branch of the dungeon, and saw 4 of its levels.

You collected 121 gold pieces.

Inventory:

Hand Weapons
 f - a +0 short sword
 s - a +1 quarterstaff of protection (weapon)
Missiles
 b - 41 stones (quivered)
Armour
 c - a +0 robe (worn)
Wands
 v - a wand of random effects (25/48)
Scrolls
 l - 2 scrolls of identify {unknown}
 n - a scroll of noise {unknown}
 p - 2 scrolls of enchant armour {unknown}
Potions
 g - 3 potions of magic {unknown}
 h - a potion of berserk rage {unknown}
 k - a potion of heal wounds {unknown}
 o - a potion of haste {unknown}
 q - a potion of resistance
 t - a potion of curing {unknown}
Books
 e - a book of Geomancy

   Spells                             Type                      Level
   a - Sandblast                      Earth                        1
   b - Passwall                       Transmutation/Earth          2
   c - Stone Arrow                    Conjuration/Earth            3
   d - Petrify                        Transmutation/Earth          4
   e - Lee's Rapid Deconstruction     Earth                        5
Comestibles
 a - 3 meat rations
 d - 4 bread rations
 m - a royal jelly


   Skills:
 - Level 1.5 Dodging
 - Level 2.1 Stealth
 + Level 4.6 Spellcasting
 + Level 4.0 Conjurations
   Level 0.7 Transmutations
 + Level 6.1 Earth Magic


You had 6 spell levels left.
You knew the following spells:

 Your Spells              Type           Power        Failure   Level  Hunger
a - Sandblast             Erth           ###...       1%          1    None
b - Stone Arrow           Conj/Erth      ###...       5%          3    ###....
c - Lee's Rapid Deconstr  Erth           ###.......   32%         5    ######.


Dungeon Overview and Level Annotations

Branches:
Dungeon (4/15)
 Temple: D:4-7

Altars:
Ashenzari
Elyvilon
Fedhas
Hepliaklqana
Kikubaaqudgha
Nemelex Xobeh
Trog


Innate Abilities, Weirdness & Mutations

You are resistant to torment.
Your stone body is resilient. (AC +4)
You are immune to poison.
You resist negative energy. (rN+)
You are resistant to electric shocks. (rElec)
You can survive without breathing.
You are immune to petrification.
You are immune to rotting.


Message History

The worker ant barely misses you.
Casting: Sandblast
Confirm with . or Enter, or press ? or * to list all spells.
Aiming: Sandblast
Press: ? - help, Shift-Dir - straight line, f/p - worker ant
Aim: a worker ant (heavily wounded, inner flame)
The blast of sand hits the worker ant.
The worker ant is severely wounded.
b - 41 stones The worker ant bites you but does no damage.
Casting: Sandblast
Confirm with . or Enter, or press ? or * to list all spells.
Aiming: Sandblast
Press: ? - help, Shift-Dir - straight line, f/p - worker ant
Aim: a worker ant (severely wounded, inner flame)
The blast of sand hits the worker ant.
The worker ant explodes!
The fiery explosion engulfs you!
Ouch! That really hurt!
You die...

... #.# #.#
#.# # #.#
##.##.###
#.......#
#..§.@..#
#..§......#
#..§§§.......
#.......#.###
#.......# #
#.......#
#.##>.### ..
...#


There were no monsters in sight!

Vanquished Creatures
  Grinder (D:3)
  The ghost of letownia the Insei, an amateur OpTm (D:3)
  Jessica (D:2)
  4 gnolls (D:2)
  9 adders
  2 worms
  4 dart slugs
  3 leopard geckos
  3 giant cockroaches
  10 goblins
  12 hobgoblins
  7 kobolds
  2 quokkas
  6 bats
  2 frilled lizards
  14 rats
81 creatures vanquished.

Vanquished Creatures (others)
  2 quokkas (D:2)
2 creatures vanquished.

Grand Total: 83 creatures vanquished

Notes
Turn   | Place    | Note
-------+----------+-------------------------------------------
     0 | D:1      | Mitsuki the Gargoyle Earth Elementalist began the quest for the Orb.
     0 | D:1      | Reached XP level 1. HP: 10/10 MP: 3/3
   308 | D:1      | Reached XP level 2. HP: 15/15 MP: 5/5
   315 | D:1      | Reached skill level 4 in Earth Magic
   757 | D:1      | Reached XP level 3. HP: 16/19 MP: 7/7
   762 | D:1      | Learned a level 3 spell: Stone Arrow
  1864 | D:2      | Reached skill level 1 in Conjurations
  1930 | D:2      | Reached XP level 4. HP: 10/24 MP: 6/8
  2318 | D:2      | Found a hazy altar of Hepliaklqana.
  2326 | D:2      | Found an ancient bone altar of Kikubaaqudgha.
  2327 | D:2      | Found a sparkling altar of Nemelex Xobeh.
  2373 | D:2      | Found a white marble altar of Elyvilon.
  2474 | D:2      | Reached XP level 5. HP: 16/28 MP: 4/10
  2834 | D:2      | Reached skill level 5 in Earth Magic
  2900 | D:2      | Noticed Jessica
  2901 | D:2      | Killed Jessica
  3685 | D:3      | Noticed letownia's ghost (amateur OpTm)
  3921 | D:3      | Killed letownia's ghost
  3921 | D:3      | Reached XP level 6. HP: 29/32 MP: 4/12
  3955 | D:3      | Learned a level 5 spell: Lee's Rapid Deconstruction
  4101 | D:3      | Noticed Grinder
  4117 | D:3      | Paralysed by Grinder for 6 turns
  4126 | D:3      | Killed Grinder
  4126 | D:3      | Reached skill level 6 in Earth Magic
  4126 | D:3      | Reached XP level 7. HP: 24/36 MP: 8/13
  4544 | D:3      | Found a bloodstained altar of Trog.
  4547 | D:3      | Found a blossoming altar of Fedhas.
  4550 | D:3      | Found a shattered altar of Ashenzari.
  4632 | D:3      | Found a blossoming altar of Fedhas.
  4634 | D:3      | Found a bloodstained altar of Trog.
  4634 | D:3      | Found a shattered altar of Ashenzari.
  4892 | D:4      | Killed from afar by a worker ant

Skill      XL: |  1  2  3  4  5  6  7 |
---------------+----------------------+-----
Earth Magic    | 4 5 6 |  6.1
Conjurations   | 1 2 3 4 |  4.0
Spellcasting   | 3 4 |  4.6
Dodging        | |  1.5
Stealth        | |  2.1
Transmutations | |  0.7

Action                   |  1- 3 |  4- 6 |  7- 9 || total
-------------------------+-------+-------+-------++-------
Melee: Short sword       |   196 |   175 |       ||   371
       Quarterstaff      |       |    17 |    19 ||    36
 Cast: Sandblast         |     1 |    33 |     3 ||    37
  Use: Scroll            |       |       |     3 ||     3
 Stab: Sleeping          |     4 |     2 |       ||     6
  Eat: Chunk             |     3 |     8 |     1 ||    12
       Royal jelly       |       |       |     1 ||     1
Armor: Robe              |    61 |    87 |    10 ||   158
Dodge: Dodged            |   135 |   129 |    17 ||   281
